AoeStats
← GermanWolf7

MegaRandom

510283941Analyzed
4v4 RM · 7h ago on Sep 30, 2026· 40m 46s· 8 players
Game mode
Random Map
Map size
Large (8 player)
Population
200
Speed
Normal
Resources
Standard
Victory
Conquest
Starting age
Dark Age
Ending age
Imperial Age
RankedLock teamsTeams togetherTeam positionsShared explorationLock speedFull tech treeHidden civsTurbo modeCheats
Victory
Defeat
🇨🇳 Teutons · China
1067
+13
1049
+14
🇨🇳 Huns · China
1036
+15
🇩🇪 Romans · Germany
973
+18
🇨🇳 Spanish · China
1017
-15
🇳🇱 Britons · Netherlands
1008
-15
🇩🇰 Armenians · Denmark
1005
-15
999
-15
mung bean
4:12 Loom
10:09 Feudal Age
10:18 Man-at-Arms
13:07 Wheelbarrow
15:39 Long Swordsman
16:40 Arson
16:21 Pikeman
18:00 Double-Bit Axe
20:14 Forging
20:07 Scale Mail Armor
22:00 Horse Collar
22:21 Gold Mining
27:19 Castle Age
25:43 Padded Archer Armor
25:34 Fletching
25:47 Padded Archer Armor
27:20 Two-Handed Swordsman
27:57 Elite Skirmisher
28:43 Heavy Plow
28:42 Bodkin Arrow
29:25 Iron Casting
29:06 Leather Archer Armor
29:06 Chain Mail Armor
30:14 Bow Saw
30:28 Hand Cart
31:51 Squires
31:39 Gambesons
33:19 Halberdier
38:18 Champion
willem.goossenss
0:43 Loom
10:07 Feudal Age
11:10 Double-Bit Axe
13:08 Forging
Утренний Сутенер
11:28 Feudal Age
11:56 Double-Bit Axe
11:52 Horse Collar
16:23 Castle Age
17:50 Scale Barding Armor
19:45 Loom
22:31 Husbandry
23:30 Bloodlines
24:31 Town Watch
25:15 Gold Mining
26:57 Heavy Plow
32:20 Imperial Age
31:32 Wheelbarrow
Lee
10:30 Feudal Age
16:51 Castle Age
15:17 Double-Bit Axe
16:00 Stone Mining
18:03 Gold Mining
24:54 Wheelbarrow
24:06 Loom
27:47 Stone Shaft Mining
28:00 Bow Saw
28:42 Ballistics
28:29 Horse Collar
29:26 Heavy Plow
29:38 Padded Archer Armor
33:10 Hand Cart
36:32 Imperial Age
36:35 Leather Archer Armor
36:10 Fletching
38:31 Conscription
38:48 Elite Conquistador
GermanWolf7
0:39 Loom
11:35 Feudal Age
16:16 Double-Bit Axe
32:47 Horse Collar
35:34 Wheelbarrow
38:34 Castle Age
Atopos
0:31 Loom
9:29 Feudal Age
13:57 Castle Age
12:17 Double-Bit Axe
13:16 Horse Collar
14:51 Fletching
16:07 Padded Archer Armor
17:30 Bodkin Arrow
19:43 Husbandry
24:19 Thumb Ring
25:08 Bloodlines
25:34 Gold Mining
27:13 Ballistics
28:12 Leather Archer Armor
29:15 Heavy Plow
34:13 Imperial Age
32:59 Stone Mining
35:25 Coinage
35:33 Parthian Tactics
34:32 Heavy Cavalry Archer
36:00 Bracer
37:43 Chemistry
37:28 Loom
38:19 Wheelbarrow
37:30 Town Watch
39:29 Hand Cart
等我直帝进供给你们
0:45 Loom
10:40 Feudal Age
13:06 Bloodlines
13:11 Bloodlines
16:29 Double-Bit Axe
16:41 Horse Collar
23:47 Castle Age
23:27 Scale Barding Armor
23:54 Light Cavalry
26:28 Husbandry
28:57 Chain Barding Armor
30:12 Wheelbarrow
29:22 Town Watch
36:10 Bow Saw
36:01 Heavy Plow
37:17 Hand Cart
40:12 Imperial Age
嬴政1号
9:45 Feudal Age
15:00 Castle Age
Connection lost

Rejoining the realm…

Still unreachable

The connection could not be restored.

Session expired

The server has moved on; the page needs a fresh start.